 Dungeon Crawl Stone Soup version 0.26.1-2-gb8aa6d0cf2 (webtiles) character file.

Game seed: 14159410714340160845

28900 nightchill the Cleaver (level 13, -3/113 HPs)
             Began as a Demonspawn Gladiator on Mar 11, 2021.
             Was a Follower of Qazlal.
             Killed from afar by a bog body (15 damage)
             ... with a bolt of cold
             ... on level 3 of the Lair of Beasts on Mar 12, 2021.
             The game lasted 00:41:55 (22414 turns).

nightchill the Cleaver (Demonspawn Gladiator)      Turns: 22414, Time: 00:41:56

Health: -3/113     AC: 18    Str: 20      XL:     13   Next: 12%
Magic:  22/22      EV:  3    Int: 10      God:    Qazlal [*.....]
Gold:   1226       SH: 11    Dex: 15 (16) Spells: 12/12 levels left

rFire    + + +     SeeInvis .   a - +2 war axe
rCold    + . .     Faith    .   I - +2 kite shield {rPois}
rNeg     . . .     Spirit   .   N - +1 plate armour {rF+}
rPois    +         Reflect  .   B - +0 helmet of Tivups {rF+}
rElec    +         Harm     .   G - +0 cloak
rCorr    +         Rampage  .   A - +1 pair of gloves
Will     .....                  (boots unavailable)
Stlth    ..........             (no amulet)
HPRegen  0.28/turn              (no ring)
MPRegen  0.18/turn              (no ring)

@: mighty, resistant, very slightly contaminated, slowed, studying Maces &
Flails, invisible, very slow
A: talons 3, rugged brown scales 3, deterioration 1, powered by death 1, powered
by pain 2, strong 1
a: Renounce Religion


You were on level 3 of the Lair of Beasts.
You worshipped Qazlal.
Qazlal was aware of your devotion.
You visited 3 branches of the dungeon, and saw 15 of its levels.
You also visited: Sewer and Ossuary.

You collected 1278 gold pieces.
You spent 52 gold pieces at shops.

Inventory:

Hand Weapons
 a - a +2 war axe (weapon)
 y - a +0 war axe
 D - a cursed +3 battleaxe
 M - a +1 flail of draining
 R - a +1 war axe
Missiles
 d - 3 throwing nets
 x - 7 curare-tipped darts
 L - 12 boomerangs (quivered)
 O - 8 datura-tipped darts
Armour
 A - a +1 pair of gloves (worn)
 B - the +0 helmet of Tivups (worn) {rF+}
   (You took it off Robin on level 4 of the Dungeon)

   It protects you from fire.
 G - a +0 cloak (worn)
 I - a +2 kite shield of poison resistance (worn)
 K - a +3 ring mail
 N - a +1 plate armour of fire resistance (worn)
Jewellery
 t - an uncursed ring of fire
 V - an uncursed ring of ice {unknown}
Wands
 w - a wand of acid (18)
 H - a wand of random effects (14)
 J - a wand of polymorph (3)
 T - a wand of enslavement (6)
Scrolls
 c - 3 scrolls of enchant weapon
 h - 5 scrolls of enchant armour
 i - 9 scrolls of teleportation
 j - 4 scrolls of amnesia
 l - 7 scrolls of remove curse
 m - 2 scrolls of random uselessness {unknown}
 n - 5 scrolls of fear {unknown}
 o - 2 scrolls of noise {unknown}
 C - 3 scrolls of fog {unknown}
 F - 2 scrolls of magic mapping
 P - 9 scrolls of identify
 Q - a scroll of blinking
 W - a scroll of brand weapon {unknown}
Potions
 b - 10 potions of ambrosia {unknown}
 e - 7 potions of lignification
 g - a potion of resistance
 k - a potion of mutation
 p - 2 potions of flight {unknown}
 q - 5 potions of brilliance
 s - 8 potions of attraction
 u - a potion of cancellation {unknown}
 v - 2 potions of haste {unknown}
 z - 7 potions of curing {unknown}
 S - 2 potions of invisibility
 U - a potion of might {unknown}
Books
 E - a manual of Maces & Flails
Miscellaneous
 r - a phantom mirror


   Skills:
 + Level 11.6 Fighting
 * Level 14.6 Axes
 - Level 1.7 Throwing
 - Level 2.6 Dodging
 + Level 13.2 Invocations


You had 12 spell levels left.
You didn't know any spells.
Your spell library contained the following spells:

 Spells                   Type           Power        Failure   Level
 Corona                   Hex            0%           100%        1
 Summon Small Mammal      Summ           0%           100%        1
 Call Imp                 Summ           0%           100%        2
 Ensorcelled Hibernation  Hex/Ice        0%           100%        2
 Call Canine Familiar     Summ           0%           100%        3
 Confusing Touch          Hex            0%           100%        3
 Dazzling Flash           Conj/Hex       0%           100%        3
 Summon Guardian Golem    Hex/Summ       0%           100%        3
 Tukima's Dance           Hex            0%           100%        3
 Summon Ice Beast         Ice/Summ       0%           100%        4
 Summon Lightning Spire   Summ/Air       0%           100%        4


Dungeon Overview and Level Annotations

Branches:
Dungeon (11/15)            Temple (1/1) D:5            Lair (3/6) D:11
  Snake (0/4) Lair:2          Orc (0/2) D:9           Sewer (visited)
Ossuary (visited)
  Swamp: Lair:2-4    Shoals: Lair:2-4

Altars:
Ashenzari
Fedhas
Gozag
Hepliaklqana
Nemelex Xobeh
Okawaru
Qazlal
Ru
Uskayaw
Xom

Shops:
D:7 ?*=?:   D:11 [

Portals:
Trove: D:11 (give +2 gold dragon scales)

Annotations:
D:4 exclusion: downstairs
D:7 1 exclusion
Lair:2 exclusions: downstairs and oklob plant


Innate Abilities, Weirdness & Mutations

You have claws for feet.
You are completely covered in rugged brown scales. (AC +3, +7% HP)
You regenerate a little health from kills.
You sometimes gain power by taking damage.
Your body sometimes deteriorates upon taking damage.
Your muscles are strong. (Str +2)


Message History

It was a potion of invisibility.
You fade into invisibility!
The bog body gestures at you while chanting.
You are very lightly contaminated with residual magic.
The bog body gestures at you while chanting.
The bolt of cold hits you!! You resist.
* * * LOW HITPOINT WARNING * * *
Your body deteriorates!
You feel clumsy.
You focus on the pain.
You feel very mighty all of a sudden.
The bog body gestures at something while chanting.
You feel as though you will be slow longer.
You are too injured to fight recklessly!
You are too injured to fight recklessly!
You are too injured to fight recklessly!
You hit the bog body. You claw the bog body!
The bog body is almost destroyed.
The bog body gestures at you while chanting.
The bolt of cold hits you! You resist.
You die...

#.♣≈♣.≈♣.###...#
#.♣≈..≈♣..#....#
#.♣;.♣≈♣.#.##.##
#.♣♣..♣♣.###...#
#..♣..♣...##...##
#..♣..♣...##....
#...⌠⌠....n...### ##
###..........§# ###.
##.......n@☼############...
#............##..#...#....
#.......................##
##......#######.####.#...##
#.....##########.# ###.<.P#
##....###≈≈≈≈≈## ## #...##
#....###≈†≈≈≈≈≈# ##..#
##..###≈≈FF.<≈≈# #..##
#...##≈F....§.≈# #.#.#


You could see 2 bog bodies.

Vanquished Creatures
  5 hydras
  Erica (D:8)
  A queen ant (Lair:3)
  3 bog bodies (Lair:3)
  An ugly thing (D:11)
  4 black mambas
  Joseph (D:7)
  5 cane toads
  2 komodo dragons
  A troll (D:9)
  A queen bee (Lair:1)
  22 blink frogs
  2 humans (D:11)
  3 wyverns
  A wraith (D:11)
  17 yaks
  A basilisk (Lair:3)
  A swamp worm (Lair:3)
  9 soldier ants
  4 nagas (Lair:2)
  2 ice beasts
  13 water moccasins
  6 sky beasts
  An eye of draining (D:9)
  5 orc warriors
  2 phantoms
  5 ogres
  5 wolves
  9 centaurs
  3 big kobolds
  8 bullfrogs
  6 scorpions
  28 killer bees
  22 wights
  An electric eel (Lair:3)
  3 howler monkeys
  2 centaur zombies
  A quasit (D:10)
  A jelly (D:9)
  7 orc wizards
  3 orc priests
  5 hounds
  4 bullfrog skeletons
  2 iguanas
  24 worker ants
  A big kobold zombie (Ossuary)
  2 hound skeletons
  A hound zombie (D:9)
  8 mummies (Ossuary)
  2 worker ant zombies
  Robin (D:4)
  8 gnolls
  8 adders
  2 river rats (D:4)
  2 white imps
  3 ufetubi
  6 worms
  4 dart slugs
  4 leopard geckos
  35 orcs
  3 ball pythons
  7 giant cockroaches
  9 hobgoblins
  11 jackals
  5 quokkas
  14 bats
  10 frilled lizards
  14 goblins
  2 hobgoblin zombies (Ossuary)
  36 kobolds
  3 kobold zombies (Ossuary)
  2 orc zombies (Ossuary)
  10 rats
466 creatures vanquished.

Vanquished Creatures (others)
  22 fungi
  68 plants
90 creatures vanquished.

Grand Total: 556 creatures vanquished

Notes
Turn   | Place    | Note
-------+----------+-------------------------------------------
     0 | D:1      | nightchill the Demonspawn Gladiator began the quest for the
                  | Orb.
     0 | D:1      | Reached XP level 1. HP: 16/16 MP: 1/1
   107 | D:1      | Reached skill level 3 in Axes
   187 | D:1      | Gained mutation: You have sharp toenails. [demonic
                  | ancestry]
   187 | D:1      | Reached XP level 2. HP: 22/22 MP: 2/2
   824 | D:1      | Reached XP level 3. HP: 26/28 MP: 3/3
  1626 | D:2      | Reached skill level 4 in Axes
  1639 | D:2      | Gained mutation: You sometimes gain a little power by
                  | taking damage. [demonic ancestry]
  1639 | D:2      | Reached XP level 4. HP: 33/34 MP: 4/4
  3022 | D:3      | Gained mutation: You have razor-sharp toenails. [demonic
                  | ancestry]
  3022 | D:3      | Reached XP level 5. HP: 41/41 MP: 5/5
  3376 | D:3      | Reached skill level 5 in Axes
  3917 | D:4      | Found a glowing drain.
  3924 | D:4      | Reached XP level 6. HP: 46/48 MP: 6/6
  3935 | Sewer    | Entered a sewer
  4072 | Sewer    | Noticed a water moccasin
  4090 | Sewer    | Killed a water moccasin
  4615 | D:4      | Reached skill level 6 in Axes
  5238 | D:4      | Gained mutation: You are partially covered in rugged brown
                  | scales. (AC +1, +3% HP) [demonic ancestry]
  5238 | D:4      | Reached XP level 7. HP: 42/56 MP: 7/7
  5455 | D:4      | Found a hazy altar of Hepliaklqana.
  5687 | D:4      | Reached skill level 5 in Fighting
  6240 | D:4      | Identified the cursed +0 helmet of Tivups {rF+}
  6240 | D:4      | Noticed Robin
  6248 | D:4      | Killed Robin
  6278 | D:5      | Entered Level 5 of the Dungeon
  6358 | D:5      | Found a staircase to the Ecumenical Temple.
  6420 | Temple   | Entered the Ecumenical Temple
  6427 | Temple   | Became a worshipper of Qazlal Stormbringer
  6748 | D:4      | Reached skill level 7 in Axes
  6748 | D:4      | Reached skill level 1 in Invocations
  7003 | D:5      | Found a broken altar of Ashenzari.
  7304 | D:5      | Reached XP level 8. HP: 53/64 MP: 9/9
  7721 | D:5      | Found a hide-covered altar of Uskayaw.
  7735 | D:5      | Found an opulent altar of Gozag.
  7942 | D:5      | Found a blossoming altar of Fedhas.
  8051 | D:6      | Reached skill level 8 in Axes
  8566 | D:6      | Reached * piety under Qazlal
  8870 | D:6      | Reached skill level 5 in Invocations
  8891 | D:6      | Gained mutation: You sometimes gain power by taking damage.
                  | [demonic ancestry]
  8891 | D:6      | Reached XP level 9. HP: 46/73 MP: 12/12
  9354 | D:7      | Found a sand-covered staircase.
  9360 | Ossuary  | Entered an ossuary
  9441 | Ossuary  | Reached ** piety under Qazlal
  9783 | D:7      | Found Fyky's Book Shoppe.
  9801 | D:7      | Reached skill level 9 in Axes
 10200 | D:7      | Found Sawuer's Magic Scroll Boutique.
 10218 | D:7      | Found Ypanus's Jewellery Boutique.
 10244 | D:7      | Found Citonees's General Store.
 10421 | D:7      | Found Jaushrole's Magic Scroll Boutique.
 10451 | D:7      | Bought a scroll of magic mapping for 52 gold pieces
 10454 | D:7      | Noticed Joseph
 10467 | D:7      | Killed Joseph
 10624 | D:7      | Found a shimmering altar of Xom.
 10997 | D:8      | Noticed Erica
 11011 | D:8      | Killed Erica
 11012 | D:8      | Reached skill level 10 in Axes
 11360 | D:8      | Found a sparkling altar of Nemelex Xobeh.
 11723 | D:9      | Gained mutation: You are mostly covered in rugged brown
                  | scales. (AC +2, +5% HP) [demonic ancestry]
 11723 | D:9      | Reached XP level 10. HP: 69/84 MP: 15/15
 12504 | D:9      | Found a staircase to the Orcish Mines.
 12764 | D:9      | Reached skill level 11 in Axes
 13081 | D:10     | Entered Level 10 of the Dungeon
 13264 | D:10     | Reached *** piety under Qazlal
 14300 | D:11     | Found an iron altar of Okawaru.
 14387 | D:11     | Gained mutation: You are completely covered in rugged brown
                  | scales. (AC +3, +7% HP) [demonic ancestry]
 14387 | D:11     | Reached XP level 11. HP: 77/95 MP: 18/18
 14458 | D:11     | Found a portal to a secret trove of treasure.
 14478 | D:11     | Found Ruysios's Antique Armour Emporium.
 14524 | D:11     | Noticed a white ugly thing
 14541 | D:11     | Killed a white ugly thing
 14973 | D:11     | Reached skill level 10 in Invocations
 15117 | D:11     | Reached skill level 12 in Axes
 15142 | D:11     | Found a staircase to the Lair.
 15328 | Lair:1   | Entered Level 1 of the Lair of Beasts
 15463 | Lair:1   | Noticed a four-headed hydra
 15468 | Lair:1   | HP: 4/95 [six-headed hydra (9)]
 15470 | Lair:1   | Killed a six-headed hydra
 15874 | Lair:1   | Noticed an eight-headed hydra
 15883 | Lair:1   | Killed an eight-headed hydra
 16130 | Lair:1   | Noticed a five-headed hydra
 16137 | Lair:1   | Killed a five-headed hydra
 16138 | Lair:1   | Reached skill level 10 in Fighting
 16695 | Lair:1   | Reached skill level 13 in Axes
 17309 | Lair:2   | Gained mutation: You have claws for feet. [demonic
                  | ancestry]
 17309 | Lair:2   | Reached XP level 12. HP: 69/104 MP: 20/20
 17988 | Lair:2   | Noticed a seven-headed hydra
 17998 | Lair:2   | Killed an eight-headed hydra
 18647 | Lair:2   | Found a staircase to the Snake Pit.
 20567 | Lair:3   | Reached skill level 14 in Axes
 21286 | Lair:3   | Noticed a queen ant
 21314 | Lair:3   | Killed a queen ant
 21538 | Lair:3   | Gained mutation: You regenerate a little health from kills.
                  | [demonic ancestry]
 21538 | Lair:3   | Reached XP level 13. HP: 86/113 MP: 22/22
 22405 | Lair:3   | Gained mutation: Your body sometimes deteriorates upon
                  | taking damage. [potion of mutation]
 22405 | Lair:3   | Gained mutation: Your muscles are strong. (Str +2) [potion
                  | of mutation]
 22414 | Lair:3   | Killed from afar by a bog body

Illustrated notes

Levels and vault maps discovered:
D:1:      eino_arrival_water_star, layout_loops_corners
D:2:      layout_basic, grunt_ministairs_5
D:3:      layout_loops_ring
D:4:      layout_loops_corners, nzn_hepliaklqana_mist_gate,
          portal_sewer_entry_b, serial_co_window_serial,
          co_window_of_opportunity_a, co_window_paths_a, co_window_cross_1,
          co_window_corner_a, co_window_paths_a, co_window_corner_a,
          co_window_of_opportunity_b, co_window_unsneaky_path_a,
          co_window_of_opportunity_b, co_window_corner_cb, co_window_paths_c,
          co_window_cross_4, glass_columns_a, glass_columns_a, glass_columns_a,
          glass_columns_b, kennysheep_small_square, uniq_robin
D:5:      layout_loops_corners, lemuel_crystal_altar,
          amethyst_overflow_temple_binary, kennysheep_mini,
          minmay_temple_entry_hall, minmay_manual_mess
D:6:      layout_cave_pools, minmay_misc_feat_more_columns
D:7:      layout_cave_pods, tgw_sif, xom_butterflies,
          nicolae_ossuary_entry_monument, serial_shops, kennysheep_little_box,
          nicolae_shop_trees, nicolae_shop_trees,
          nicolae_shop_temple_entry_statues_fountains, shop_statue,
          nrook_mini_vaults, hangedman_abyss_or_decor_lesser_grid, minivault_11,
          uniq_joseph
D:8:      layout_gridville, basic_altar, serial_rivers,
          chequers_serial_rivers_marsh, chequers_serial_rivers_large_a,
          chequers_serial_rivers_marsh, chequers_serial_rivers_small_3,
          chequers_serial_rivers_small_b, uniq_erica
D:9:      kennysheep_kobold_camp, layout_cave_pools
D:10:     layout_loops_ring
D:11:     layout_roguey, david_lair_shrubbed, serial_shops,
          nicolae_shop_overgrown_old_shop, gauntlet_entry_generic,
          nicolae_trove_entry_isolated, chequers_serial_rivers_micro_a,
          okawaru_humans
Temple:   regret_index_temple_waves
Lair:1:   layout_loops_ring, special_room [special_room_bee],
          grunt_forest_small_clearing_treed, grunt_megastairs_3
Lair:2:   layout_regular_city, guppyfry_snake_entry_garden,
          minmay_lair_oklob_chamber
Lair:3:   layout_cave_pods, nicolae_swamp_entry_splash_gauntlet, minivault_24,
          cheibrodos_lair_caveside_slide, zaba_antful_of_joy,
          infiniplex_staircase_pool_2

Skill      XL: |  1  2  3  4  5  6  7  8  9 10 11 12 |
---------------+-------------------------------------+-----
Axes           | 3 4 5 6 7 8 10 11 13 14 | 14.6
Fighting       | 3 4 5 6 7 9 10 11 | 11.6
Invocations    | 2 5 7 9 11 13 | 13.2
Throwing       | |  1.7
Dodging        | |  2.6

Action                   |  1- 3 |  4- 6 |  7- 9 | 10-12 | 13-15 || total
-------------------------+-------+-------+-------+-------+-------++-------
Melee: War axe           |   117 |   191 |   351 |   835 |    14 ||  1508
       Kick              |    29 |    40 |   129 |   302 |     9 ||   509
       Flail             |       |       |       |     2 |     5 ||     7
Throw: Throwing net      |       |       |       |     1 |       ||     1
       Boomerang         |       |       |       |     1 |       ||     1
Invok: Upheaval          |       |       |     4 |    25 |     3 ||    32
Evoke: Wand              |       |     1 |     2 |    10 |       ||    13
  Use: Scroll            |       |     8 |     9 |       |     1 ||    18
       Potion            |       |       |     1 |     4 |     6 ||    11
 Stab: Sleeping          |     2 |       |       |       |       ||     2
Armor: Chain mail        |    70 |   128 |    55 |       |       ||   253
       Leather armour    |     3 |       |       |       |       ||     3
       Plate armour      |       |       |    72 |    74 |     9 ||   155
       Ring mail         |       |       |    83 |   249 |       ||   332
Dodge: Dodged            |    50 |    81 |    97 |   246 |     2 ||   476
Block: Kite shield       |       |       |    78 |   507 |    13 ||   598
